 Dungeon Crawl Stone Soup version 0.16-a0-2388-g8c53b03 (console) character file.

1251 Kellhus the Magician (level 8, -7/52 HPs)
             Began as a Vampire Wizard on Nov 19, 2014.
             Mangled by a wight
             ... wielding a +0 long sword of protection
              (10 damage)
             ... on level 6 of the Dungeon.
             The game lasted 00:09:44 (6269 turns).

Kellhus the Magician (Vampire Wizard)               Turns: 6269, Time: 00:09:44

Health: -7/52      AC:  3    Str:  6    XL:     8   Next: 26%
Magic:  10/21      EV: 12    Int: 22    God:
Gold:   344        SH:  0    Dex: 12    Spells: 3 memorised, 12 levels left

rFire  . . .     SeeInvis +     a - +2 whip (venom)
rCold  . . .     Clarity  .     f - +0 robe
rNeg   . . .     SustAb   +     (no shield)
rPois  .         Gourm    .     b - +0 hat
rElec  .         Spirit   .     p - +0 cloak
rCorr  .         Warding  .     (no gloves)
rMut   +         Stasis   .     (no boots)
MR     +....                    k - amulet of resist mutation
Stlth  ++........               y - ring of sustain abilities
                                v - ring of protection from magic

@: regenerating quickly, somewhat resistant to hostile enchantments, unstealthy
A: bottle blood, fangs 3, see invisible, unbreathing
a: no special abilities


You were on level 6 of the Dungeon.
You were very full.

You visited 1 branch of the dungeon, and saw 6 of its levels.

You collected 344 gold pieces.

Inventory:

Hand weapons
 a - a +2 whip of venom (weapon)
 w - a +2 mace of protection
Armour
 b - a +0 hat (worn)
 f - a +0 robe (worn)
 p - a +0 cloak (worn)
Jewellery
 k - an amulet of resist mutation (around neck)
 o - an uncursed amulet of faith
 v - a ring of protection from magic (left hand)
 y - a ring of sustain abilities (right hand)
Magical devices
 x - a wand of fire (3)
Scrolls
 d - 2 scrolls of noise {unknown}
 e - 3 scrolls of teleportation
 l - a scroll of enchant armour {unknown}
 m - a scroll of remove curse
 q - 2 scrolls of recharging {unknown}
 s - a scroll of enchant weapon {unknown}
Potions
 g - a potion of confusion
 h - a potion of curing
 i - a potion of agility
 j - a potion of flight
 n - 2 potions of restore abilities
 r - a potion of resistance
 t - a potion of brilliance {unknown}
 u - a potion of cure mutation {unknown}
 z - a potion of haste {unknown}
Books
 c - a book of Minor Magic

   Spells                             Type                      Level
   *Magic Dart                        Conjuration                  1
   Blink                              Translocation                2
   Call Imp                           Summoning                    2
   Repel Missiles                     Charms/Air                   2
   Slow                               Hexes                        2
   *Conjure Flame                     Conjuration/Fire             3
   *Mephitic Cloud                    Conjuration/Poison/Air       3


   Skills:
 - Level 2.1 Dodging
 - Level 3.0 Stealth
 + Level 6.3 Spellcasting
 - Level 6.0 Conjurations
   Level 1.0 Summonings
   Level 0.7 Translocations


You had 12 spell levels left.
You knew the following spells:

 Your Spells              Type           Power        Failure   Level  Hunger
a - Magic Dart            Conj           ####         1%          1    None
b - Conjure Flame         Conj/Fire      ###.....     10%         3    #......
c - Mephitic Cloud        Conj/Pois/Air  ###.....     12%         3    #......


Dungeon Overview and Level Annotations

Branches:
Dungeon (6/15)
 Temple: D:4-7

Altars:
Gozag
Okawaru
Vehumet
Xom


Innate Abilities, Weirdness & Mutations

Your natural rate of healing is unusually fast.
You can bottle blood from corpses.
You have razor-sharp teeth.
You have supernaturally acute eyesight.
You can survive without breathing.


Message History

The wight is heavily damaged.
The wight hits you with a long sword of protection!
You hit the wight but do no damage.
The wight is heavily damaged.
The wight hits you with a long sword of protection!
* * * LOW HITPOINT WARNING * * *
You hit the wight but do no damage.
The wight is heavily damaged.
The wight closely misses you.
You hit the wight but do no damage. You bite the wight, but do no damage.
The wight is heavily damaged.
The wight barely misses you.
You completely miss the wight.
The wight is heavily damaged.
The wight hits you with a long sword of protection.
* * * LOW HITPOINT WARNING * * *
You hit the wight but do no damage.
The wight is heavily damaged.
The wight hits you with a long sword of protection!
You die...

..........##+#..##.#.....###....รท
.......... .##.##...............
..............#####.....###..#.
..............# #.#..........
.............###'#..........
..........#.....##.......
.........#.......#.##...
.......................#+
.......z@..............#.
.......................##
...........###...##.....
....######.##....##.###.
.....######+####.###.....
#.............###.####....
#.............#...........
#.............#..#...#....
#.............'.###)###...


You could see a wight.

Vanquished Creatures
  Prince Ribbit (D:4)
  A sky beast (D:6)
  An ogre (D:5)
  2 giant frogs (D:6)
  A scorpion (D:4)
  3 wights (D:6)
  An orc priest (D:6)
  2 jellies
  3 iguanas (D:5)
  3 orc wizards
  3 worker ants (D:5)
  Ijyb (D:2)
  4 gnolls (D:5)
  6 adders
  A giant mite (D:2)
  4 worms
  An ooze (D:5)
  13 orcs
  2 ball pythons
  2 giant cockroaches
  11 goblins
  13 hobgoblins
  7 jackals
  15 bats
  6 giant geckos
  A giant gecko zombie (D:5)
  2 giant newts
  10 kobolds
  2 quokkas
  14 rats
136 creatures vanquished.

Notes
Turn   | Place    | Note
--------------------------------------------------------------
     0 | D:1      | Kellhus, the Vampire Wizard, began the quest for the Orb.
     0 | D:1      | Reached XP level 1. HP: 13/13 MP: 4/4
    70 | D:1      | Reached skill level 1 in Conjurations
   433 | D:1      | Reached XP level 2. HP: 19/19 MP: 3/6
  1282 | D:2      | Reached XP level 3. HP: 24/24 MP: 4/7
  1537 | D:2      | Noticed Ijyb
  1545 | D:2      | Killed Ijyb
  1922 | D:2      | Reached XP level 4. HP: 25/30 MP: 0/9
  2379 | D:3      | Found an opulent altar of Gozag.
  2720 | D:3      | Found an iron altar of Okawaru.
  3364 | D:4      | Reached XP level 5. HP: 35/35 MP: 3/11
  3504 | D:4      | Reached skill level 4 in Conjurations
  3905 | D:4      | Noticed Prince Ribbit
  3912 | D:4      | Learned a level 3 spell: Conjure Flame
  3916 | D:4      | Learned a level 3 spell: Mephitic Cloud
  3932 | D:4      | Killed Prince Ribbit
  3932 | D:4      | Reached skill level 5 in Conjurations
  3932 | D:4      | Reached XP level 6. HP: 41/41 MP: 1/12
  4054 | D:5      | Entered Level 5 of the Dungeon
  4469 | D:5      | Reached XP level 7. HP: 40/46 MP: 2/14
  4690 | D:5      | Reached skill level 6 in Conjurations
  5792 | D:6      | Found a shimmering altar of Xom.
  5800 | D:6      | Reached skill level 5 in Spellcasting
  5802 | D:6      | Reached XP level 8. HP: 36/52 MP: 10/20
  5935 | D:6      | Found a radiant altar of Vehumet.
  6268 | D:6      | HP: 2/52 [wight/long sword of protection (6)]
  6269 | D:6      | Mangled by a wight

Action                   |  1- 3 |  4- 6 |  7- 9 || total
-------------------------+-------+-------+-------++-------
Melee: Whip              |    11 |    37 |    52 ||   100
 Cast: Magic Dart        |    89 |   113 |   152 ||   354
       Mephitic Cloud    |       |     2 |     4 ||     6
       Conjure Flame     |       |       |     2 ||     2
  Use: Scroll            |       |     8 |     1 ||     9
 Stab: Confused          |       |       |     1 ||     1
  Eat: Corpse            |    14 |    14 |    10 ||    38
